 Dungeon Crawl Stone Soup version 0.29-a0-103-g37f86683bf (webtiles) character file.

Game seed: 17042960187300402539

84 kae the Ruffian (level 4, 0/36 HPs)
             Began as a Draconian Transmuter on Feb 15, 2022.
             Succumbed to an adder's poison
             ... on level 2 of the Dungeon.
             The game lasted 00:01:00 (2346 turns).

kae the Ruffian (Draconian Transmuter)              Turns: 2346, Time: 00:01:01

Health: 0/36       AC:  5    Str: 13    XL:     4   Next: 24%
Magic:  3/7        EV: 12    Int: 15    God:
Gold:   141        SH:  0    Dex: 11    Spells: 3/7 levels left

rFire   . . .      SeeInvis .     - Unarmed
rCold   . . .      Faith    .   (no shield)
rNeg    . . .      Spirit   .   (armour unavailable)
rPois   .          Reflect  .   (helmet restricted)
rElec   .          Harm     .   (no cloak)
rCorr   .          Rampage  .   (no gloves)
Will    .....                   (no boots)
Stlth   +.........              (no amulet)
HPRegen 0.12/turn               (no ring)
MPRegen 0.10/turn               (no ring)

@: lethally poisoned (0 -> -12)
A: AC +5, unfitting armour, cold-blooded
a: no special abilities


You were on level 2 of the Dungeon.
You visited 1 branch of the dungeon, and saw 2 of its levels.

You collected 141 gold pieces.

Inventory:

Jewellery
 c - an amulet of magic regeneration
Wands
 f - a wand of iceblast (4)
Potions
 a - a potion of cancellation
 b - a potion of ambrosia {unknown}
 d - a potion of flight {unknown}
 e - a potion of degeneration {unknown}


   Skills:
 + Level 1.8 Fighting
 + Level 2.1 Dodging
 * Level 3.8 Unarmed Combat
 + Level 2.4 Spellcasting
 * Level 2.7 Transmutations
 * Level 0.8 Poison Magic


You had 3 spell levels left.
You knew the following spells:

 Your Spells              Type           Power      Damage    Failure   Level
a - Beastly Appendage     Tmut           20%        N/A       7%          1
b - Spider Form           Tmut/Pois      7%         N/A       30%         3

Your spell library contained the following spells:

 Spells                   Type           Power      Damage    Failure   Level
 Wereblood                Tmut           10%        N/A       11%         2
 Shock                    Conj/Air       4%         1d3       22%         1
 Swiftness                Air            1%         N/A       54%         3
 Ice Form                 Ice/Tmut       6%         N/A       75%         4
 Airstrike                Air            0%         N/A       91%         4


Dungeon Overview and Level Annotations

Branches:
Dungeon (2/15)

Altars:

Shops:
D:1 (


Innate Abilities, Weirdness & Mutations

Your plain brown scales are hard. (AC +5)
You cannot fit into any form of body armour.
You are cold-blooded and may be slowed by cold attacks.


Message History

The adder is heavily wounded.
The adder barely misses you.
You hit the adder.
The adder is severely wounded.
The adder closely misses you.
You barely miss the adder.
The adder is almost dead.
The adder bites you.
You are poisoned.
The adder poisons you!
You closely miss the adder.
The adder is almost dead.
You feel very sick. The adder bites you.
You are lethally poisoned!
The adder poisons you! The adder completely misses you.
You are too injured to fight recklessly!
You barely miss the adder.
The adder is almost dead.
You feel very sick.
You kill the adder!
You have reached level 4!
You feel stronger.
You hit the adder.
The adder is poisoned.
The adder is moderately wounded.
* * * LOW HITPOINT WARNING * * *
You feel very sick. The adder bites you.
* * * LOW HITPOINT WARNING * * *
You hit the adder.
The adder looks as sick as possible!
The adder is almost dead.
* * * LOW HITPOINT WARNING * * *
You feel very sick.
You kill the adder!
The bat misses you. The bat hits you but does no damage.
It was a potion of cancellation.
Your magical effects are unravelling.
You feel magically purged.
Your transformation has ended.
You die...

#......###...+..#......
##....##?##..#.########
##.....#.#.....#
#...#.##.##.#..##
#..#### ..####..## #.##
$... ##..# #..####
..####...#
#...#.##g##.#..#.#
#.....@bg#.......#
#...#.##?##....###
#...#..###.....#
#...##..#......#
#...###...#....# #####
#####....#######
#######...........
#.....†...........
#...).............


You could see a hobgoblin, a goblin and a bat.

Vanquished Creatures
  3 adders (D:2)
  5 ball pythons
  4 endoplasms
  2 giant cockroaches (D:2)
  8 goblins
  9 hobgoblins (D:2)
  2 jackals (D:2)
  5 quokkas
  3 bats (D:1)
  3 frilled lizards (D:1)
  3 kobolds (D:1)
  A rat (D:1)
48 creatures vanquished.

Notes
Turn   | Place    | Note
-------+----------+-------------------------------------------
     0 | D:1      | kae the Draconian Transmuter began the quest for the Orb.
     0 | D:1      | Reached XP level 1. HP: 16/16 MP: 3/3
    53 | D:1      | Found Kodu's Antique Weapon Shoppe.
   178 | D:1      | Reached XP level 2. HP: 23/23 MP: 3/5
   716 | D:1      | Found a faded altar of an unknown god.
  1327 | D:2      | Reached XP level 3. HP: 12/28 MP: 6/6
  1563 | D:2      | Learned a level 3 spell: Spider Form
  2344 | D:2      | Reached XP level 4. HP: 13/36 MP: 3/7
  2346 | D:2      | Succumbed to an adder's poison

Illustrated notes

Levels and vault maps discovered:
D:1:      dpeg_arrival_pond, layout_basic, serial_shops,
          nicolae_shop_hallway_plus, ebering_ecumenical_altar_box
D:2:      cheibrodos_greedy_goblins, layout_basic,
          minmay_fractal_squares_gapless_5

Skill      XL: |  1  2  3 |
---------------+----------+-----
Dodging        | 2 |  2.1
Fighting       | |  1.8
Unarmed Combat | |  3.8
Spellcasting   | |  2.4
Transmutations | |  2.7
Poison Magic   | |  0.8

Action                   |  1- 3 |  4- 6 || total
-------------------------+-------+-------++-------
Melee: Unarmed           |   140 |     2 ||   142
       Headbutt          |     9 |       ||     9
       Kick              |    17 |       ||    17
       Tailslap          |    10 |       ||    10
       Punch             |     2 |       ||     2
 Cast: Beastly Appendage |    21 |       ||    21
       Spider Form       |     1 |       ||     1
  Use: Scroll            |     3 |       ||     3
       Potion            |     1 |     1 ||     2
 Stab: Invisible         |     5 |       ||     5
       Sleeping          |     1 |       ||     1
Armor: Skin              |    31 |     1 ||    32
Dodge: Dodged            |    92 |     1 ||    93

Table legend: (Time is in decaauts)
 A = Elapsed time spent in this place.
 B = Non-inter-level travel time spent in this place.
 C = Inter-level travel time spent in this place.
 D = Time resting spent in this place.
 E = Time spent auto-exploring this place.
 F = Levels seen in this place.
 G = Mean time per level.
                   A        B        C        D        E       F      G
               +--------+--------+--------+--------+--------+-----+--------+
         Total |   2340 |   2335 |      5 |    140 |   1880 |   2 | 1170.0 |
       Dungeon |   2340 |   2335 |      5 |    140 |   1880 |   2 | 1170.0 |
               +--------+--------+--------+--------+--------+-----+--------+

Top non-repeatable levels by time:
     D:1: 1265 daAuts
     D:2: 1075 daAuts
